 Dungeon Crawl Stone Soup version 0.30-a0-253-g6b895097cc (webtiles) character file.

Game seed: 15758637253572744020

94 Kinoniko the Cudgeller (level 4, 11/39 HPs)
             Began as an Armataur Berserker on Oct 13, 2022.
             Was a Believer of Trog.
             Quit the game on level 3 of the Dungeon.
             The game lasted 00:02:02 (1999 turns).

Kinoniko the Cudgeller (Armataur Berserker)         Turns: 1999, Time: 00:02:02

Health: 11/39      AC:  7    Str: 20 (24) XL:     4   Next: 38%
Magic:  4/4        EV:  7    Int:  2 (8)  God:    Trog [**....]
Gold:   195        SH:  0    Dex:  5 (9)  Spells: 3/3 levels left

rFire   . . .      SeeInvis .    a - +0 mace
rCold   . . .      Faith    .    (no shield)
rNeg    . . .      Spirit   .    n - +0 scale mail
rPois   .          Reflect  .    f - +0 helmet
rElec   .          Harm     .    (no cloak)
rCorr   .          Roll     +    (no gloves)
Will    +....                    (no barding)
Stlth   ..........               (no amulet)
HPRegen 0.26/turn                l - ring of willpower
MPRegen 0.09/turn                (no ring)

@: lethally poisoned (11 -> 0), invisible
A: large, rugged brown scales 3, deformed body, armoured tail, roll, long
tongue, awkward tongue
a: Renounce Religion, Berserk, Trog's Hand


You were on level 3 of the Dungeon.
You worshipped Trog.
Trog was pleased with you.
You visited 1 branch of the dungeon, and saw 3 of its levels.

You collected 195 gold pieces.

Inventory:

Hand Weapons
 a - a +0 mace (weapon)
Missiles
 j - a throwing net (quivered)
Armour
 b - a +0 animal skin
 f - a +0 helmet (worn)
 n - a +0 scale mail (worn)
Jewellery
 l - a ring of willpower (left hand)
Wands
 h - a wand of charming (13)
Scrolls
 c - 2 scrolls of identify {unknown}
 d - 3 scrolls of poison {unknown}
 g - 2 scrolls of fear {unknown}
 k - a scroll of teleportation {unknown}
 m - a scroll of summoning {unknown}


   Skills:
 - Level 2.6 Fighting
 * Level 4.8 Maces & Flails
 - Level 2.4 Armour
 - Level 1.3 Dodging


You had 3 spell levels left.
You didn't know any spells.
Your spell library was empty.

Dungeon Overview and Level Annotations

Branches:
Dungeon (3/15)

Altars:
Sif Muna
Wu Jian


Innate Abilities, Weirdness & Mutations

You are completely covered in rugged brown scales. (AC +3, +7% HP)
Armour fits poorly on your strangely shaped body.
You have a long armoured tail.
You roll when moving toward enemies. (Rampage)
Your long tongue fully drains potion bottles. (2x potion effects)
Your tongue gives you trouble enunciating. (1.5x scroll delay)


Message History

You hit the kobold but do no damage.
You feel very sick. The kobold barely misses you.
You hit the kobold.
The kobold is severely wounded.
You feel sick. The kobold hits you but does no damage.
You are more poisoned.
The kobold hits you but does no damage.
You are more poisoned.
You hit the kobold but do no damage.
The kobold is severely wounded.
You feel extremely sick. The kobold hits you but does no damage.
You are lethally poisoned!
You hit the kobold.
You kill the kobold!
Trog accepts your kill.
You feel extremely sick.
No target in view!
No target in view!
No target in view!
No target in view!
No target in view!
No target in view!
No target in view!
No target in view!
No target in view!
No target in view!
No target in view!
There is a lethal amount of poison in your body!
It was a potion of invisibility.
You fade into invisibility!
You feel very sick.
It was a potion of degeneration.
There was something very wrong with that liquid.
You feel weakened.
You feel dopey.
You feel clumsy.
* * * LOW HITPOINT WARNING * * *
You feel very sick.
Unknown command.
Are you sure you want to abandon this character and quit the game? (Confirm with "yes".)

#.#####.###.#
#......#..
#..#####.# #..#
#.# #..# #.#
#..# #.#
#.####..# #.#
#.......# #)#
#######.#####@#
#.......#
#########


There were no monsters in sight!

Vanquished Creatures
  A hound (D:2)
  2 adders (D:2)
  2 worms (D:2)
  An orc (D:3)
  2 ball pythons
  5 bats
  5 endoplasms
  A hobgoblin (D:1)
  5 kobolds
  4 quokkas
  A frilled lizard (D:2)
  5 goblins
  7 rats
41 creatures vanquished.

Notes
Turn   | Place    | Note
-------+----------+-------------------------------------------
     0 | D:1      | Kinoniko the Armataur Berserker began the quest for the
                  | Orb.
     0 | D:1      | Reached XP level 1. HP: 19/19 MP: 1/1
   334 | D:1      | Reached skill level 3 in Maces & Flails
   528 | D:1      | Reached XP level 2. HP: 26/26 MP: 2/2
   713 | D:2      | Found an ornate altar of the Wu Jian Council.
   924 | D:2      | Reached XP level 3. HP: 32/32 MP: 3/3
  1114 | D:2      | Reached skill level 4 in Maces & Flails
  1123 | D:2      | Reached ** piety under Trog
  1126 | D:2      | Reached XP level 4. HP: 20/39 MP: 4/4
  1201 | D:2      | Found a faded altar of an unknown god.
  1736 | D:3      | Found a shimmering blue altar of Sif Muna.
  1999 | D:3      | Quit the game

Illustrated notes

Levels and vault maps discovered:
D:1:      lightli_arrival_isolated_outpost, layout_loops_ring,
          nicolae_figureground_pulse
D:2:      layout_basic, hellmonk_ecumenical_altar_arch_garden, basic_altar
D:3:      layout_basic, led_sif_book, kennysheep_generic_room_14

Skill      XL: |  1  2  3 |
---------------+----------+-----
Maces & Flails | 3 4 |  4.8
Fighting       | |  2.6
Armour         | |  2.4
Dodging        | |  1.3

Action                   |  1- 3 |  4- 6 || total
-------------------------+-------+-------++-------
Melee: Mace              |    93 |    34 ||   127
       Tailslap          |    10 |     3 ||    13
  Use: Potion            |       |     2 ||     2
 Stab: Sleeping          |     2 |     2 ||     4
Armor: Animal skin       |    34 |     8 ||    42
       Scale mail        |       |     5 ||     5
Dodge: Dodged            |    52 |    14 ||    66

Table legend: (Time is in decaauts)
 A = Elapsed time spent in this place.
 B = Non-inter-level travel time spent in this place.
 C = Inter-level travel time spent in this place.
 D = Time resting spent in this place.
 E = Time spent auto-exploring this place.
 F = Levels seen in this place.
 G = Mean time per level.
                   A        B        C        D        E       F      G
               +--------+--------+--------+--------+--------+-----+--------+
         Total |   2031 |   1985 |     46 |      0 |   1681 |   3 |  677.0 |
       Dungeon |   2031 |   1985 |     46 |      0 |   1681 |   3 |  677.0 |
               +--------+--------+--------+--------+--------+-----+--------+

Top non-repeatable levels by time:
     D:2: 945 daAuts
     D:1: 713 daAuts
     D:3: 372 daAuts
